 Dungeon Crawl Stone Soup version 0.30.1-3-gfc49f6343a (webtiles) character file.

Game seed: 5319395112541722854

8 javelincjr the Trooper (level 2, -1/24 HPs)
             Began as a Demonspawn Fighter on July 18, 2023.
             Slain by a gnoll
             ... wielding a +0 flail
              (7 damage)
             ... on level 1 of the Dungeon.
             The game lasted 00:00:38 (134 turns).

javelincjr the Trooper (Demonspawn Fighter)          Turns: 134, Time: 00:00:38

Health: -1/24      AC:  6    Str: 16    XL:     2   Next: 0%
Magic:  2/2        EV:  9    Int:  9    God:
Gold:   28         SH:  4    Dex: 12    Spells: 1/1 levels left

rFire   . . .        a - +0 trident
rCold   . . .        c - +0 buckler
rNeg    . . .        b - +0 scale mail
rPois   .            (no helmet)
rElec   .            (no cloak)
rCorr   .            (no gloves)
SInv    .            (no boots)
Will    .....        (no amulet) Stlth
                     (no ring)
HPRegen 0.24/turn    (no ring)
MPRegen 0.08/turn

%: no passive effects
@: no status effects
A: demonic guardian 1
a: no special abilities


You were on level 1 of the Dungeon.
You visited 1 branch of the dungeon, and saw 1 of its levels.

You collected 28 gold pieces.

Inventory:

Hand Weapons
 a - a +0 trident (weapon)
Armour
 b - a +0 scale mail (worn)
 c - a +0 buckler (worn)
Potions
 d - a potion of might
 e - a potion of cancellation {unknown}
 f - a potion of brilliance {unknown}


   Skills:
 * Level 3.1 Fighting
 + Level 1.9 Polearms
 + Level 2.7 Armour
 + Level 0.3 Dodging
 + Level 2.7 Shields


You had one spell level left.
You didn't know any spells.
Your spell library was empty.

Dungeon Overview and Level Annotations

Branches:
Dungeon (1/15)

Altars:


Innate Abilities, Weirdness & Mutations

A weak demonic guardian rushes to your aid.


Message History

Found a stone staircase leading down.
No target in view!
f - a fizzy white potion
There is a stone staircase leading down here.
A giant cockroach comes into view.
Found 13 gold pieces.
You barely miss the giant cockroach. The giant cockroach barely misses you.
You barely miss the giant cockroach.
The giant cockroach barely misses you. x2
You hit the giant cockroach.
The giant cockroach is heavily wounded.
You block the giant cockroach's attack.
You hit the giant cockroach.
You kill the giant cockroach!
You have reached level 2!
Your demonic ancestry asserts itself...
You feel the presence of a demonic guardian.
You see here a giant cockroach corpse.
You now have 28 gold pieces (gained 13).
A gnoll comes into view. It is wielding a +0 flail.
Found 15 gold pieces.
The gnoll shouts!
A hobgoblin comes into view.
Found a green potion.
The hobgoblin shouts!
You reach to attack!
You closely miss the gnoll. You barely miss the gnoll.
The gnoll barely misses you.
You barely miss the gnoll. The gnoll hits you with a +0 flail.
You puncture the gnoll!
The gnoll is almost dead.
The gnoll hits you with a +0 flail. x2
You closely miss the gnoll.
The gnoll is almost dead.
The gnoll hits you with a +0 flail!
* * * LOW HITPOINT WARNING * * *
You are too injured to fight recklessly!
You are too injured to fight recklessly!
You hit the gnoll but do no damage.
The gnoll is almost dead.
The gnoll hits you with a +0 flail!
You die...

#..!...P..
#.P....P..
#..P...P..
.P...PPP.
..PP..P.. #
#.....$.# ##
##.gg..# #. #.@.#
#. . ##.### #[ #.
#..# #.
##.#####.## #.
.........# #.
##.....#.# #.
.........# ######
#.
#####..######....#
#.
#........##....#
#.


You could see a gnoll and a hobgoblin.

Vanquished Creatures
  A ball python (D:1)
  A bat (D:1)
  2 giant cockroaches (D:1)
  A hobgoblin (D:1)
  A quokka (D:1)
6 creatures vanquished.

Notes
Turn   | Place    | Note
-------+----------+-------------------------------------------
     0 | D:1      | javelincjr the Demonspawn Fighter began the quest for the
                  | Orb.
     0 | D:1      | Reached XP level 1. HP: 18/18 MP: 1/1
   100 | D:1      | Gained mutation: A weak demonic guardian rushes to your
                  | aid. [demonic ancestry]
   100 | D:1      | Reached XP level 2. HP: 24/24 MP: 2/2
   134 | D:1      | Slain by a gnoll

Illustrated notes

Levels and vault maps discovered:
D:1:      minmay_arrival_radiant_lines, layout_basic, nicolae_grassy_gnolls

Action                     || total
---------------------------++-------
  Melee: Trident           ||    26
 Armour: Scale mail        ||     7
  Dodge: Dodged            ||     7
  Block: Buckler           ||     2
